 Dungeon Crawl Stone Soup version 0.31.0-32-g396128a36d (webtiles) character file.

Game seed: 10505872326734675500

452 H0rd4k the Charlatan (level 7, -2/44 HPs)
             Began as an Octopode Artificer on Mar 18, 2024.
             Slain by an ogre
             ... wielding a +0 giant club
              (25 damage)
             ... on level 4 of the Dungeon.
             The game lasted 00:02:06 (2346 turns).

H0rd4k the Charlatan (Octopode Artificer)           Turns: 2346, Time: 00:02:08

Health: -2/44      AC:  1    Str: 19    XL:     7   Next: 4%
Magic:  16/16      EV: 14    Int: 21    God:
Gold:   264        SH:  0    Dex: 13    Spells: 6/6 levels left

rFire   . . .        o - +7 flail of Drought {freeze, *Noise Will- rCorr Str+8}
rCold   . . .        (no shield)
rNeg    . . .        (helmet currently unavailable)
rPois   .            (no amulet)
rElec   .            h - ring of magical power
rCorr   +            r - +6 ring of intelligence
SInv    .            (no ring)
Will    .....        (no ring)
Stlth   ++++         (no ring)
HPRegen 0.27/turn    (no ring)
MPRegen 0.15/turn    (no ring)
                     (no ring)

%: no passive effects
@: beast-form
A: beast (slay +1), almost no armour, amphibious, 8 rings, camouflage 1,
gelatinous body 1, (nimble swimmer 1), tentacles
a: Begin Untransformation


You were on level 4 of the Dungeon.
You were a hulking beast.
You visited 1 branch of the dungeon, and saw 4 of its levels.

You collected 264 gold pieces.

Inventory:

Hand Weapons
 o - the +7 flail of Drought (weapon) {freeze, *Noise Will- rCorr Str+8}
   (You found it on level 3 of the Dungeon)

   Str+8:     It affects your strength (+8).
   Will-:     It decreases your willpower.
   *Noise:    It may make a loud noise when swung.
   rCorr:     It protects you from acid and corrosion.
Missiles
 g - 8 poisoned darts
 k - 3 curare-tipped darts
Jewellery
 h - a ring of magical power (left tentacle)
 r - a +6 ring of intelligence (right tentacle)
Talismans
 m - a beast talisman (active)
 p - a blade talisman
Wands
 b - a wand of flame (11) (quivered)
 c - a wand of charming (12)
 d - a wand of iceblast (5)
Scrolls
 a - 8 scrolls of identify {unknown}
 e - a scroll of fog {unknown}
 i - 2 scrolls of teleportation {unknown}
 j - a scroll of vulnerability {unknown}
 n - a scroll of enchant weapon {unknown}
Potions
 f - 4 potions of attraction {unknown}
 l - a potion of experience {unknown}
 q - a potion of degeneration {unknown}


   Skills:
 + Level 1.9 Fighting
 + Level 1.0 Maces & Flails
 + Level 3.6 Dodging
 + Level 4.5 Stealth
 + Level 3.2 Unarmed Combat
 + Level 4.6 Evocations
 * Level 1.8 Shapeshifting


You had 6 spell levels left.
You didn't know any spells.
Your spell library was empty.

Dungeon Overview and Level Annotations

Branches:
Dungeon (4/15)
 Temple: D:4-7

Altars:
Yredelemnul


Innate Abilities, Weirdness & Mutations

You are a hulking beast.
Your limbs bulge with bestial killing power. (Slay +1)
You cannot wear most types of armour.
You are amphibious.
You can wear up to eight rings at the same time.
Your skin changes colour to match your surroundings (Stealth+).
Your rubbery body absorbs attacks. (AC +1, EV +1)
((You are camouflaged when in or above water. (Stealth+)))
You have tentacles for arms and can constrict up to eight enemies at once.


Message History

No target in view!
No target in view!
r - a +6 ring of intelligence You feel clever.
r - a +6 ring of intelligence (right tentacle)
A ball python is nearby!
A ball python is nearby!
A ball python is nearby!
The ball python hisses angrily.
A ball python is nearby!
Found a stone staircase leading down.
The ball python barely misses you. The ball python misses you.
A ball python is nearby!
You hit the ball python. You freeze the ball python.
You kill the ball python!
a - 8 scrolls labelled ZUKKUUME PUER (gained 1)
i - 2 scrolls labelled IBEUTE DOQAAR (gained 1)
An ogre comes into view. It is wielding a +0 giant club.
The ogre shouts!
An ogre is nearby!
An ogre is nearby!
An ogre is nearby!
You hit the ogre. You freeze the ogre.
The ogre is moderately wounded.
The ogre misses you.
You hit the ogre. You freeze the ogre.
Your tentacle-slap misses the ogre.
Your squeeze misses the ogre.
The ogre is moderately wounded.
The ogre hits you with a +0 giant club!!
Ouch! That really hurt!
You barely miss the ogre.
The ogre is moderately wounded.
The ogre barely misses you.
You sock the ogre! You freeze the ogre.
Your flail of Drought shouts, "Help!"
The ogre is severely wounded.
You hear a shout! x2
The ogre hits you with a +0 giant club!!
Ouch! That really hurt!
You die...

............#..........#....
..................######....
.....................# #....
.....................# #....
......†..............###....
.......####....#..#.....####
.......####....#..#.....####
>...........................
...........h................
.....###$..O.####.####......
###.. #.............##...#.
#.. #..............#...#.
#..............#...##
...............#.....
................'.....
.................#.....
..............##


You could see an ogre.

Vanquished Creatures
  Menkaure (D:4)
  An ogre (D:4)
  An ice beast (D:3)
  An iguana (D:3)
  An orc wizard (D:4)
  4 adders
  2 dart slugs
  8 orcs
  2 endoplasms
  2 giant cockroaches
  2 goblins
  3 hobgoblins
  7 jackals
  3 quokkas
  4 ball pythons
  3 bats
  3 frilled lizards
  5 kobolds
  4 rats
57 creatures vanquished.

Vanquished Creatures (collateral kills)
  A giant cockroach (D:2)
  A bat (D:2)
  A frilled lizard (D:2)
  A goblin (D:2)
4 creatures vanquished.

Vanquished Creatures (others)
  Terence (D:2)
1 creature vanquished.

Grand Total: 62 creatures vanquished

Notes
Turn   | Place    | Note
-------+----------+-------------------------------------------
     0 | D:1      | H0rd4k the Octopode Artificer began the quest for the Orb.
     0 | D:1      | Reached XP level 1. HP: 13/13 MP: 1/1
   256 | D:1      | Reached XP level 2. HP: 12/18 MP: 2/2
   928 | D:2      | Noticed Terence
   957 | D:2      | Reached XP level 3. HP: 20/23 MP: 3/3
   957 | D:2      | Your ally Terence died
   964 | D:2      | Reached skill level 1 in Unarmed Combat
  1230 | D:2      | Reached XP level 4. HP: 27/28 MP: 4/4
  1281 | D:3      | Noticed an ice beast
  1289 | D:3      | Killed an ice beast
  1290 | D:3      | Reached XP level 5. HP: 33/33 MP: 5/5
  1357 | D:3      | Found a basalt altar of Yredelemnul.
  1452 | D:3      | Found a faded altar of an unknown god.
  1860 | D:3      | Identified the +7 flail of Drought {freeze, *Noise Will-
                  | rCorr Str+8}
  2050 | D:4      | Noticed Menkaure
  2057 | D:4      | Killed Menkaure
  2058 | D:4      | Reached skill level 1 in Shapeshifting
  2058 | D:4      | Reached XP level 6. HP: 39/39 MP: 6/6
  2188 | D:4      | Reached skill level 1 in Maces & Flails
  2188 | D:4      | Reached XP level 7. HP: 28/44 MP: 7/7
  2346 | D:4      | Slain by an ogre

Illustrated notes

Levels and vault maps discovered:
D:1:      minmay_arrival_radiant_lines, layout_loops_ring,
          minmay_misc_feat_alley, kennysheep_nondescript, serial_bayou_lagoon_a,
          minmay_pentomino_s2
D:2:      layout_rooms, uniq_terence
D:3:      layout_basic, mainiacjoe_overflow_catwalk,
          shapermc_ecumenical_altar_acropolis
D:4:      layout_basic, mainiacjoe_overflow_six_doors_small, uniq_menkaure

Skill      XL: |  1  2  3  4  5  6 |
---------------+-------------------+-----
Stealth        | 2 3 4 |  4.5
Evocations     | 4 |  4.6
Unarmed Combat | 1 2 3 |  3.2
Dodging        | 3 |  3.6
Shapeshifting  | 1 |  1.8
Maces & Flails | 1 |  1.0
Fighting       | |  1.9

Action                     |  1- 3 |  4- 6 |  7- 9 || total
---------------------------+-------+-------+-------++-------
  Melee: Unarmed           |    79 |    34 |       ||   113
         Constrict         |    23 |    13 |     1 ||    37
         Tentacles         |    19 |    16 |     1 ||    36
         Flail             |       |    19 |     8 ||    27
  Evoke: Wand              |     2 |     5 |       ||     7
   Stab: Sleeping          |     6 |     5 |       ||    11
 Armour: Skin              |    40 |    22 |     4 ||    66
  Dodge: Dodged            |    61 |    31 |     6 ||    98
   Form: Beast             |       |     1 |       ||     1
